Blue Jackets vs Coyotes
Created - 18 mars 2014 at 20:44
Goals
|
| Blue Jackets |
0 |
1 |
1 |
1 |
3 |
| Coyotes |
1 |
0 |
1 |
0 |
2 |
|
Shots
|
| Blue Jackets |
7 |
7 |
6 |
1 |
21 |
| Coyotes |
8 |
6 |
7 |
3 |
24 |
|
1st period
1. Coyotes , Frans Nielsen 20 (Drew Miller) at 1:13 (PP)
Penalties :
Marcus Nilson (Clb) for Cross-checking (Minor) at 0:38, David Booth (Clb) for High sticking (Minor) at 3:08, Kevin Bieksa (Clb) for Interference (Minor) at 9:43, Adam Deadmarsh (Clb) for Tripping (Minor) at 13:10
2nd period
2. Blue Jackets , Marc Savard 41 (Pavel Bure) at 3:20 (PP)
Penalties :
Brenden Morrow (Pho) for Roughing (Minor) at 2:54, Wade Redden (Clb) for Holding (Minor) at 3:25, Tomas Kurka (Clb) for Holding (Minor) at 8:16, Jan Bulis (Clb) for Hooking (Minor) at 18:02
3rd period
3. Coyotes , Tim Connolly 28 (Marian Gaborik, Tom Poti) at 3:41
4. Blue Jackets , Marc Savard 42 (Kevin Bieksa) at 16:33
Penalties :
Bates Battaglia (Clb) for Charging (Minor) at 12:59
Overtime #1
5. Blue Jackets , David Booth 35 (Jan Bulis, Greg De Vries) at 4:29
Penalties :
No Penalty
Goalie Stats
Miika Kiprusoff (Clb), 22 saves from 24 shots - (0,917), W, 30-20-4, 64:29 minutes
Ryan Miller (Pho), 18 saves from 21 shots - (0,857), OTL, 28-27-6, 64:29 minutes
Players Stats for Blue Jackets
Player Name G A P +/- PIM S H SB GA TA FO MP PP MP PK MP
------------------------------------------------------------------------------------
A.J Thelen 0 0 0 -1 0 1 1 0 0 1 0/0 15:03 0:00 2:43
Adam Deadmarsh 0 0 0 0 2 1 0 0 0 0 0/0 11:53 0:00 0:00
Bates Battaglia 0 0 0 0 2 2 0 0 0 0 0/0 12:37 0:00 1:08
Blake Wheeler 0 0 0 0 0 0 2 1 1 0 0/0 11:15 0:00 0:00
Brad Stuart 0 0 0 -1 0 0 1 0 0 0 0/0 14:27 0:00 0:45
Chris Kelly 0 0 0 0 0 2 2 0 1 0 2/6 13:40 0:00 1:07
Dave Steckel 0 0 0 0 0 1 2 0 1 0 1/1 8:03 0:00 0:00
David Booth 1 0 1 1 2 3 2 0 2 0 0/1 19:55 0:26 4:22
Derek Morris 0 0 0 0 0 0 1 1 0 0 0/0 22:23 0:00 5:40
Greg De Vries 0 1 1 0 0 1 1 0 1 0 0/0 22:10 0:00 5:14
Jan Bulis 0 1 1 1 2 0 4 0 0 0 3/5 16:52 0:00 4:06
Jason Ward 0 0 0 0 0 0 1 0 0 0 0/0 10:44 0:00 2:20
Kevin Bieksa 0 1 1 2 2 1 4 2 0 0 0/0 27:44 0:26 7:25
Marc Savard 2 0 2 0 0 5 2 1 0 0 16/32 24:54 0:26 7:48
Marcus Nilson 0 0 0 0 2 1 0 0 0 0 0/0 11:31 0:00 0:17
Pavel Bure 0 1 1 0 0 2 3 1 1 0 1/1 24:46 0:26 7:48
Tomas Kurka 0 0 0 0 2 0 0 0 0 1 0/1 8:02 0:00 0:00
Wade Redden 0 0 0 2 2 1 2 1 2 0 0/0 27:21 0:26 7:09
Players Stats for Coyotes
Player Name G A P +/- PIM S H SB GA TA FO MP PP MP PK MP
------------------------------------------------------------------------------------
Anton Stralman 0 0 0 0 0 0 0 0 0 1 0/0 3:29 0:00 0:00
Bill Guerin 0 0 0 0 0 0 5 0 0 1 0/0 18:15 6:17 0:00
Brenden Morrow 0 0 0 0 2 3 1 1 0 1 1/2 24:53 8:08 0:00
Chad Larose 0 0 0 0 0 1 1 3 0 0 0/0 13:24 0:03 0:00
Craig Adams 0 0 0 0 0 0 0 0 0 0 0/0 9:52 0:00 0:26
Denis Grebeshkov 0 0 0 0 0 0 2 3 0 1 0/0 21:49 5:08 0:00
Drew Miller 0 1 1 0 0 2 2 0 0 1 1/1 18:47 6:04 0:00
Frans Nielsen 1 0 1 -1 0 2 1 0 0 0 2/5 20:04 6:17 0:00
Jiri Fischer 0 0 0 0 0 1 1 1 0 0 0/0 21:49 5:08 0:00
Joël Perrault 0 0 0 0 0 1 0 0 0 0 0/0 6:53 0:00 0:00
Kurt Sauer 0 0 0 0 0 0 1 3 0 1 0/0 27:36 9:20 0:26
Lukas Krajicek 0 0 0 -1 0 1 0 1 0 1 0/0 12:30 0:00 0:00
Marian Gaborik 0 1 1 0 0 8 1 2 1 1 5/10 27:09 8:08 0:26
Maxim Lapierre 0 0 0 0 0 0 1 0 1 0 1/4 10:38 0:00 0:00
Sami Lepisto 0 0 0 -1 0 0 1 0 0 0 0/0 12:30 0:00 0:00
Sergei Samsonov 0 0 0 0 0 1 1 0 0 0 3/3 15:12 0:16 0:00
Tim Connolly 1 0 1 -1 0 3 0 1 0 0 11/22 22:58 8:11 0:00
Tom Poti 0 1 1 0 0 1 1 0 0 1 0/0 29:41 9:20 0:26
3 Stars
1 - Marc Savard (Clb)
2 - Kevin Bieksa (Clb)
3 - David Booth (Clb)
Power Play
Blue Jackets - 1 on 1 Attempt(s) - 100,00%
Coyotes - 1 on 8 Attempt(s) - 12,50%
Penalty Kill
Blue Jackets - 7 on 8 Attempt(s) - 87,50%
- Score 0 goal in Penalty Kill
Coyotes - 0 on 1 Attempt(s) - 0,00%
- Score 0 goal in Penalty Kill
Official
Referees : Martell Rob and Jackson Dave
Linesman : Scott Driscoll and Thor Nelson
Game Notes
No Game Note
Finance
Level 1 -- Attendance: 4599 (76,65%) -- Ticket Income 436 905 $
Level 2 -- Attendance: 3724 (74,48%) -- Ticket Income 212 268 $
Level 3 -- Attendance: 1416 (70,80%) -- Ticket Income 45 312 $
Level 4 -- Attendance: 3914 (97,85%) -- Ticket Income 70 452 $
Luxury Box -- Attendance: 676 (67,60%) -- Ticket Income 128 440 $
Game was played at the The Pack Center
Total Attendance: 14329 (79,61%)
Total Ticket Income: 893 377 $
Other Income: 134 007 $
Total Income: 1 027 384 $
Blue Jackets
5 vs 5 Forward
Center Left Wing Right Wing Time % Phy DF OF
1 Marc Savard David Booth Pavel Bure 40 1 2 2
2 Jan Bulis Marcus Nilson Blake Wheeler 30 1 2 2
3 Chris Kelly Bates Battaglia Adam Deadmarsh 20 1 2 2
4 Dave Steckel Tomas Kurka Jason Ward 10 1 2 2
5 vs 5 Defense
Defense Defense Time % Phy DF OF
1 Wade Redden Kevin Bieksa 40 1 2 2
2 Derek Morris Greg De Vries 30 1 2 2
3 Brad Stuart A.J Thelen 20 1 2 2
4 Wade Redden Kevin Bieksa 10 1 2 2
PowerPlay Forward
Center Left Wing Right Wing Time % Phy DF OF
1 Marc Savard David Booth Pavel Bure 60 1 2 2
2 Jan Bulis Marcus Nilson Blake Wheeler 40 1 2 2
PowerPlay Defense
Defense Defense Time % Phy DF OF
1 Wade Redden Kevin Bieksa 60 1 2 2
2 Derek Morris Greg De Vries 40 1 2 2
Penalty Kill 4 Players Forward
Center Wing Time % Phy DF OF
1 Marc Savard Pavel Bure 60 1 2 2
2 David Booth Jan Bulis 40 1 2 2
Penalty Kill 4 Players Defense
Defense Defense Time % Phy DF OF
1 Wade Redden Kevin Bieksa 60 1 2 2
2 Derek Morris Greg De Vries 40 1 2 2
Penalty Kill - 3 Players Forward
Forward Time % Phy DF OF
1 Marc Savard 60 1 2 2
2 Pavel Bure 40 1 2 2
Penalty Kill - 3 Players Defense
Defense Defense Time % Phy DF OF
1 Wade Redden Kevin Bieksa 60 1 2 2
2 Derek Morris Greg De Vries 40 1 2 2
4 vs 4 Forward
Center Wing Time % Phy DF OF
1 Marc Savard Pavel Bure 60 1 2 2
2 David Booth Jan Bulis 40 1 2 2
4 vs 4 Defense
Defense Defense Time % Phy DF OF
1 Wade Redden Kevin Bieksa 60 1 2 2
2 Derek Morris Greg De Vries 40 1 2 2
Last Minutes Offensive
Center Left Wing Right Wing Defense Defense
Marc Savard David Booth Pavel Bure Wade Redden Kevin Bieksa
Last Minutes Defensive
Center Left Wing Right Wing Defense Defense
Marc Savard David Booth Pavel Bure Wade Redden Kevin Bieksa
Goaltenders
Starting : Miika Kiprusoff
Backup : Jaroslav Halak
Extra Forwards
Normal : Chris Kelly, Adam Deadmarsh, Jason Ward - PP : Chris Kelly, Adam Deadmarsh - PK : Jason Ward
Extra Defensemen
Normal : Brad Stuart, A.J Thelen, Derek Morris - PP : Brad Stuart - PK : A.J Thelen, Derek Morris
Penalty Shots
Marc Savard, Pavel Bure, David Booth, Jan Bulis, Blake Wheeler
Coyotes
5 vs 5 Forward
Center Left Wing Right Wing Time % Phy DF OF
1 Tim Connolly Brenden Morrow Marian Gaborik 40 1 2 2
2 Frans Nielsen Drew Miller Bill Guerin 30 1 2 2
3 Maxim Lapierre Sergei Samsonov Chad Larose 20 1 2 2
4 Joël Perrault Marian Gaborik Craig Adams 10 1 2 2
5 vs 5 Defense
Defense Defense Time % Phy DF OF
1 Tom Poti Kurt Sauer 40 1 2 2
2 Denis Grebeshkov Jiri Fischer 30 1 2 2
3 Lukas Krajicek Sami Lepisto 20 1 2 2
4 Anton Stralman Tom Poti 10 1 2 2
PowerPlay Forward
Center Left Wing Right Wing Time % Phy DF OF
1 Tim Connolly Brenden Morrow Marian Gaborik 60 1 2 2
2 Frans Nielsen Drew Miller Bill Guerin 40 1 2 2
PowerPlay Defense
Defense Defense Time % Phy DF OF
1 Tom Poti Kurt Sauer 60 1 2 2
2 Denis Grebeshkov Jiri Fischer 40 1 2 2
Penalty Kill 4 Players Forward
Center Wing Time % Phy DF OF
1 Marian Gaborik Brenden Morrow 60 1 2 2
2 Tim Connolly Frans Nielsen 40 1 2 2
Penalty Kill 4 Players Defense
Defense Defense Time % Phy DF OF
1 Tom Poti Kurt Sauer 60 1 2 2
2 Denis Grebeshkov Jiri Fischer 40 1 2 2
Penalty Kill - 3 Players Forward
Forward Time % Phy DF OF
1 Marian Gaborik 60 1 2 2
2 Brenden Morrow 40 1 2 2
Penalty Kill - 3 Players Defense
Defense Defense Time % Phy DF OF
1 Tom Poti Kurt Sauer 60 1 2 2
2 Denis Grebeshkov Jiri Fischer 40 1 2 2
4 vs 4 Forward
Center Wing Time % Phy DF OF
1 Marian Gaborik Brenden Morrow 60 1 2 2
2 Tim Connolly Frans Nielsen 40 1 2 2
4 vs 4 Defense
Defense Defense Time % Phy DF OF
1 Tom Poti Kurt Sauer 60 1 2 2
2 Denis Grebeshkov Jiri Fischer 40 1 2 2
Last Minutes Offensive
Center Left Wing Right Wing Defense Defense
Tim Connolly Brenden Morrow Marian Gaborik Tom Poti Kurt Sauer
Last Minutes Defensive
Center Left Wing Right Wing Defense Defense
Tim Connolly Brenden Morrow Marian Gaborik Tom Poti Kurt Sauer
Goaltenders
Starting : Ryan Miller
Backup : Peter Budaj
Extra Forwards
Normal : Sergei Samsonov, Chad Larose, Craig Adams - PP : Sergei Samsonov, Chad Larose - PK : Craig Adams
Extra Defensemen
Normal : Lukas Krajicek, Sami Lepisto, Anton Stralman - PP : Lukas Krajicek - PK : Sami Lepisto, Anton Stralman
Penalty Shots
Marian Gaborik, Brenden Morrow, Tim Connolly, Frans Nielsen, Drew Miller
% Time on Ice - Blue Jackets
Lines # - Real PCT - Wanted PCT - Time Play
Normal Forward
1 - 33% - 40% - 14:41
2 - 26% - 30% - 11:39
3 - 24% - 20% - 10:43
4 - 18% - 10% - 8:03
Normal Defense
1 - 40% - 40% - 18:07
2 - 34% - 30% - 15:07
3 - 26% - 20% - 11:52
4 - 0% - 10% - 0:00
PP Forward
1 - 100% - 60% - 0:26
2 - 0% - 40% - 0:00
PP Defense
1 - 100% - 60% - 0:26
2 - 0% - 40% - 0:00
PK Forward
1 - 66% - 60% - 9:36
2 - 34% - 40% - 4:52
PK Defense
1 - 64% - 60% - 9:14
2 - 36% - 40% - 5:14
PK3 Forward
1 - 0% - 60%
2 - 0% - 40%
PK3 Defense
1 - 0% - 60%
2 - 0% - 40%
44 Forward
1 - 73% - 60% - 3:17
2 - 27% - 40% - 1:12
44 Defense
1 - 59% - 60% - 2:40
2 - 41% - 40% - 1:49
Last Minute Offensive - 0:00
Last Minute Defensive - 0:00
Total
Forward - 64:29
Defense - 64:29
|
% Time on Ice - Coyotes
Lines # - Real PCT - Wanted PCT - Time Play
Normal Forward
1 - 31% - 40% - 14:00
2 - 30% - 30% - 13:35
3 - 24% - 20% - 10:38
4 - 15% - 10% - 6:53
Normal Defense
1 - 34% - 40% - 15:07
2 - 33% - 30% - 14:55
3 - 28% - 20% - 12:30
4 - 6% - 10% - 2:34
PP Forward
1 - 57% - 60% - 8:11
2 - 43% - 40% - 6:17
PP Defense
1 - 65% - 60% - 9:20
2 - 35% - 40% - 5:08
PK Forward
1 - 100% - 60% - 0:26
2 - 0% - 40% - 0:00
PK Defense
1 - 100% - 60% - 0:26
2 - 0% - 40% - 0:00
PK3 Forward
1 - 0% - 60%
2 - 0% - 40%
PK3 Defense
1 - 0% - 60%
2 - 0% - 40%
44 Forward
1 - 72% - 60% - 3:13
2 - 28% - 40% - 1:16
44 Defense
1 - 61% - 60% - 2:43
2 - 39% - 40% - 1:46
Last Minute Offensive - 0:00
Last Minute Defensive - 0:00
Total
Forward - 64:29
Defense - 64:29
|
Play by Play
1st period
0:01 of 1st period - Marc Savard wins face-off versus Tim Connolly in neutral zone.
0:16 of 1st period - Marc Savard is hit by Kurt Sauer and loses puck.
0:38 of 1st period - Minor Penalty to Marcus Nilson for Cross-checking.
0:39 of 1st period - Marc Savard wins face-off versus Tim Connolly in Blue Jackets zone.
0:45 of 1st period - Wrist shot by Marian Gaborik.
0:45 of 1st period - Shot Misses the Net.
0:47 of 1st period - Wrist shot by Marian Gaborik.
0:47 of 1st period - Stopped by Miika Kiprusoff without a rebound.
0:48 of 1st period - Marc Savard wins face-off versus Tim Connolly in Blue Jackets zone.
0:55 of 1st period - Wrist shot by Marc Savard.
0:55 of 1st period - Shot Blocked by Kurt Sauer.
1:09 of 1st period - Slapshot by Brenden Morrow.
1:09 of 1st period - Shot Misses the Net.
1:11 of 1st period - Snap shot by Tom Poti.
1:11 of 1st period - Stopped by Miika Kiprusoff without a rebound.
1:12 of 1st period - Drew Miller wins face-off versus David Booth in Blue Jackets zone.
1:13 of 1st period - Snap shot by Frans Nielsen.
1:13 of 1st period - Goal by Frans Nielsen - Blue Jackets : 0 - Coyotes : 1.
1:14 of 1st period - Sergei Samsonov wins face-off versus Chris Kelly in neutral zone.
2:24 of 1st period - Snap shot by Dave Steckel.
2:24 of 1st period - Shot Blocked by Lukas Krajicek.
2:26 of 1st period - Slapshot by A.J Thelen.
2:26 of 1st period - Stopped by Ryan Miller without a rebound.
2:27 of 1st period - Sergei Samsonov wins face-off versus Tomas Kurka in Coyotes zone.
3:02 of 1st period - Snap shot by Marian Gaborik.
3:02 of 1st period - Stopped by Miika Kiprusoff with a rebound.
3:08 of 1st period - Minor Penalty to David Booth for High sticking.
3:09 of 1st period - Marc Savard wins face-off versus Tim Connolly in Blue Jackets zone.
3:18 of 1st period - Snap shot by Marc Savard.
3:18 of 1st period - Shot Misses the Net.
5:08 of 1st period - Penalty to David Booth is over, David Booth is back on ice.
6:12 of 1st period - Tom Poti is hit by Chris Kelly and loses puck.
6:23 of 1st period - Tom Poti is hit by Jan Bulis and loses puck.
6:44 of 1st period - Chad Larose is hit by Marc Savard and loses puck.
6:57 of 1st period - Frans Nielsen is hit by Kevin Bieksa and loses puck.
7:46 of 1st period - David Booth is hit by Sergei Samsonov and loses puck.
8:43 of 1st period - Snap shot by Marc Savard.
8:43 of 1st period - Stopped by Ryan Miller with a rebound.
8:45 of 1st period - Slapshot by Derek Morris.
8:45 of 1st period - Shot Blocked by Chad Larose.
8:47 of 1st period - Slapshot by Derek Morris.
8:47 of 1st period - Deflect By David Booth.
8:47 of 1st period - Stopped by Ryan Miller without a rebound.
8:48 of 1st period - Marc Savard wins face-off versus Maxim Lapierre in Coyotes zone.
9:26 of 1st period - Wrist shot by Craig Adams.
9:26 of 1st period - Shot Blocked by Blake Wheeler.
9:28 of 1st period - Snap shot by Lukas Krajicek.
9:28 of 1st period - Stopped by Miika Kiprusoff with a rebound.
9:30 of 1st period - Snap shot by Joël Perrault.
9:30 of 1st period - Stopped by Miika Kiprusoff without a rebound.
9:31 of 1st period - Tim Connolly wins face-off versus Marc Savard in Blue Jackets zone.
9:32 of 1st period - Slapshot by Marian Gaborik.
9:32 of 1st period - Deflect By Tim Connolly.
9:32 of 1st period - Shot Misses the Net.
9:32 of 1st period - Puck is out of play.
9:33 of 1st period - Tim Connolly wins face-off versus Marc Savard in Blue Jackets zone.
9:43 of 1st period - Minor Penalty to Kevin Bieksa for Interference.
9:44 of 1st period - Marc Savard wins face-off versus Tim Connolly in Blue Jackets zone.
11:15 of 1st period - Drew Miller is hit by Jan Bulis and loses puck.
11:38 of 1st period - Jiri Fischer is hit by Brad Stuart and loses puck.
11:43 of 1st period - Penalty to Kevin Bieksa is over, Kevin Bieksa is back on ice.
12:10 of 1st period - Drew Miller is hit by Jan Bulis and loses puck.
12:19 of 1st period - Snap shot by Jan Bulis.
12:19 of 1st period - Shot Misses the Net.
12:31 of 1st period - Maxim Lapierre is hit by Dave Steckel and loses puck.
13:10 of 1st period - Minor Penalty to Adam Deadmarsh for Tripping.
13:11 of 1st period - Tim Connolly wins face-off versus Marc Savard in Blue Jackets zone.
15:10 of 1st period - Penalty to Adam Deadmarsh is over, Adam Deadmarsh is back on ice.
15:16 of 1st period - Snap shot by Wade Redden.
15:16 of 1st period - Stopped by Ryan Miller without a rebound.
15:17 of 1st period - Maxim Lapierre wins face-off versus Chris Kelly in Coyotes zone.
15:40 of 1st period - Chris Kelly is hit by Maxim Lapierre.
15:44 of 1st period - Maxim Lapierre is hit by Greg De Vries and loses puck.
15:53 of 1st period - Snap shot by Bates Battaglia.
15:53 of 1st period - Stopped by Ryan Miller without a rebound.
15:54 of 1st period - Marc Savard wins face-off versus Tim Connolly in Coyotes zone.
15:57 of 1st period - Wrist shot by Marc Savard.
15:57 of 1st period - Shot Blocked by Denis Grebeshkov.
16:19 of 1st period - David Booth is hit by Bill Guerin.
16:42 of 1st period - Wrist shot by Marian Gaborik.
16:42 of 1st period - Shot Misses the Net.
17:08 of 1st period - Snap shot by Bates Battaglia.
17:08 of 1st period - Deflect By Kurt Sauer.
17:08 of 1st period - Shot Misses the Net.
17:08 of 1st period - Puck is out of play.
17:09 of 1st period - Jan Bulis wins face-off versus Frans Nielsen in Coyotes zone.
17:36 of 1st period - Kevin Bieksa is hit by Sami Lepisto and loses puck.
17:43 of 1st period - Wrist shot by Chris Kelly.
17:43 of 1st period - Shot Hit the Post.
17:58 of 1st period - Snap shot by Marc Savard.
17:58 of 1st period - Stopped by Ryan Miller with a rebound.
18:00 of 1st period - Slapshot by Derek Morris.
18:00 of 1st period - Shot Misses the Net.
18:34 of 1st period - Wade Redden is hit by Bill Guerin and loses puck.
19:03 of 1st period - Slapshot by Sergei Samsonov.
19:03 of 1st period - Shot Misses the Net.
19:05 of 1st period - Wrist shot by Sergei Samsonov.
19:05 of 1st period - Stopped by Miika Kiprusoff with a rebound.
19:07 of 1st period - Slapshot by Chad Larose.
19:07 of 1st period - Stopped by Miika Kiprusoff with a rebound.
19:09 of 1st period - Wrist shot by Jiri Fischer.
19:09 of 1st period - Shot Misses the Net.
19:19 of 1st period - Marc Savard is hit by Jiri Fischer and loses puck.
19:30 of 1st period - Snap shot by Pavel Bure.
19:30 of 1st period - Stopped by Ryan Miller without a rebound.
19:31 of 1st period - Jan Bulis wins face-off versus Tim Connolly in Coyotes zone.
Goals for this period are 0 for Blue Jackets vs 1 for Coyotes.
Shots for this period are 7 for Blue Jackets vs 8 for Coyotes.
2nd period
0:01 of 2nd period - Tim Connolly wins face-off versus Marc Savard in neutral zone.
0:11 of 2nd period - Wrist shot by Marian Gaborik.
0:11 of 2nd period - Stopped by Miika Kiprusoff without a rebound.
0:12 of 2nd period - Marc Savard wins face-off versus Tim Connolly in Blue Jackets zone.
0:22 of 2nd period - Wrist shot by Marian Gaborik.
0:22 of 2nd period - Stopped by Miika Kiprusoff with a rebound.
0:38 of 2nd period - Kevin Bieksa is hit by Frans Nielsen and loses puck.
1:01 of 2nd period - Slapshot by Greg De Vries.
1:01 of 2nd period - Shot Blocked by Jiri Fischer.
1:27 of 2nd period - Wrist shot by Marc Savard.
1:27 of 2nd period - Shot Misses the Net.
1:29 of 2nd period - Wrist shot by David Booth.
1:29 of 2nd period - Shot Blocked by Denis Grebeshkov.
1:31 of 2nd period - Slapshot by David Booth.
1:31 of 2nd period - Shot Blocked by Denis Grebeshkov.
1:43 of 2nd period - Wade Redden is hit by Bill Guerin.
1:47 of 2nd period - Denis Grebeshkov is hit by Kevin Bieksa and loses puck.
2:02 of 2nd period - Snap shot by Jan Bulis.
2:02 of 2nd period - Shot Misses the Net.
2:18 of 2nd period - Maxim Lapierre is hit by Derek Morris and loses puck.
2:43 of 2nd period - Snap shot by Frans Nielsen.
2:43 of 2nd period - Shot Misses the Net.
2:54 of 2nd period - Minor Penalty to Brenden Morrow for Roughing.
2:55 of 2nd period - Marc Savard wins face-off versus Marian Gaborik in Coyotes zone.
3:10 of 2nd period - Snap shot by David Booth.
3:10 of 2nd period - Stopped by Ryan Miller without a rebound.
3:11 of 2nd period - Marc Savard wins face-off versus Marian Gaborik in Coyotes zone.
3:20 of 2nd period - Slapshot by Marc Savard.
3:20 of 2nd period - Goal by Marc Savard - Blue Jackets : 1 - Coyotes : 1.
3:21 of 2nd period - Tim Connolly wins face-off versus Marc Savard in neutral zone.
3:25 of 2nd period - Minor Penalty to Wade Redden for Holding.
3:26 of 2nd period - Brenden Morrow wins face-off versus Marc Savard in Blue Jackets zone.
3:35 of 2nd period - Wrist shot by Tim Connolly.
3:35 of 2nd period - Stopped by Miika Kiprusoff without a rebound.
3:36 of 2nd period - Tim Connolly wins face-off versus Marc Savard in Blue Jackets zone.
3:41 of 2nd period - Wrist shot by Brenden Morrow.
3:41 of 2nd period - Stopped by Miika Kiprusoff without a rebound.
3:42 of 2nd period - Marian Gaborik wins face-off versus Marc Savard in Blue Jackets zone.
3:57 of 2nd period - Snap shot by Marian Gaborik.
3:57 of 2nd period - Stopped by Miika Kiprusoff with a rebound.
4:21 of 2nd period - Denis Grebeshkov is hit by Pavel Bure and loses puck.
5:25 of 2nd period - Penalty to Wade Redden is over, Wade Redden is back on ice.
5:39 of 2nd period - Bates Battaglia is hit by Denis Grebeshkov and loses puck.
5:58 of 2nd period - Sami Lepisto is hit by Chris Kelly and loses puck.
6:27 of 2nd period - Marian Gaborik is hit by Dave Steckel and loses puck.
6:50 of 2nd period - Bill Guerin is hit by Marc Savard and loses puck.
7:13 of 2nd period - Brenden Morrow is hit by Wade Redden and loses puck.
8:16 of 2nd period - Minor Penalty to Tomas Kurka for Holding.
8:17 of 2nd period - Marc Savard wins face-off versus Frans Nielsen in Blue Jackets zone.
8:43 of 2nd period - Tom Poti is hit by David Booth and loses puck.
8:49 of 2nd period - Icing by Marian Gaborik.
8:50 of 2nd period - Tim Connolly wins face-off versus Marc Savard in Coyotes zone.
8:56 of 2nd period - Pavel Bure is hit by Brenden Morrow and loses puck.
9:42 of 2nd period - Derek Morris is hit by Bill Guerin and loses puck.
10:16 of 2nd period - Penalty to Tomas Kurka is over, Tomas Kurka is back on ice.
13:11 of 2nd period - Chris Kelly is hit by Denis Grebeshkov and loses puck.
13:55 of 2nd period - Wrist shot by Marcus Nilson.
13:55 of 2nd period - Stopped by Ryan Miller with a rebound.
14:13 of 2nd period - Slapshot by Kevin Bieksa.
14:13 of 2nd period - Shot Blocked by Chad Larose.
14:44 of 2nd period - A.J Thelen is hit by Drew Miller and loses puck.
15:11 of 2nd period - Drew Miller is hit by Wade Redden and loses puck.
15:15 of 2nd period - Icing by Frans Nielsen.
15:16 of 2nd period - Frans Nielsen wins face-off versus Jan Bulis in Coyotes zone.
15:29 of 2nd period - Kurt Sauer is hit by Blake Wheeler and loses puck.
15:53 of 2nd period - Off-side.
15:54 of 2nd period - Tim Connolly wins face-off versus Jan Bulis in neutral zone.
17:08 of 2nd period - Slapshot by Greg De Vries.
17:08 of 2nd period - Stopped by Ryan Miller without a rebound.
17:09 of 2nd period - Tim Connolly wins face-off versus Chris Kelly in Coyotes zone.
17:09 of 2nd period - Tim Connolly is hit by Kevin Bieksa.
17:17 of 2nd period - Snap shot by Chris Kelly.
17:17 of 2nd period - Stopped by Ryan Miller with a rebound.
17:19 of 2nd period - Snap shot by Adam Deadmarsh.
17:19 of 2nd period - Stopped by Ryan Miller without a rebound.
17:20 of 2nd period - Frans Nielsen wins face-off versus Marc Savard in Coyotes zone.
17:20 of 2nd period - Frans Nielsen is hit by Pavel Bure.
17:26 of 2nd period - Slapshot by Drew Miller.
17:26 of 2nd period - Shot Misses the Net.
17:28 of 2nd period - Wrist shot by Frans Nielsen.
17:28 of 2nd period - Shot Misses the Net.
17:30 of 2nd period - Wrist shot by Kurt Sauer.
17:30 of 2nd period - Deflect By Drew Miller.
17:30 of 2nd period - Stopped by Miika Kiprusoff with a rebound.
17:32 of 2nd period - Slapshot by Kurt Sauer.
17:32 of 2nd period - Deflect By Bill Guerin.
17:32 of 2nd period - Shot Misses the Net.
17:32 of 2nd period - Puck is out of play.
17:33 of 2nd period - Tim Connolly wins face-off versus Marc Savard in Blue Jackets zone.
17:48 of 2nd period - Snap shot by Pavel Bure.
17:48 of 2nd period - Stopped by Ryan Miller with a rebound.
18:02 of 2nd period - Minor Penalty to Jan Bulis for Hooking.
18:03 of 2nd period - Marc Savard wins face-off versus Brenden Morrow in Blue Jackets zone.
Goals for this period are 1 for Blue Jackets vs 0 for Coyotes.
Shots for this period are 7 for Blue Jackets vs 6 for Coyotes.
3rd period
0:01 of 3rd period - Pavel Bure wins face-off versus Tim Connolly in neutral zone.
0:02 of 3rd period - Penalty to Jan Bulis is over, Jan Bulis is back on ice.
0:04 of 3rd period - Brenden Morrow is hit by Jan Bulis and loses puck.
0:36 of 3rd period - Wade Redden is hit by Drew Miller and loses puck.
0:50 of 3rd period - Off-side.
0:51 of 3rd period - Dave Steckel wins face-off versus Maxim Lapierre in neutral zone.
1:18 of 3rd period - Snap shot by Marc Savard.
1:18 of 3rd period - Shot Blocked by Marian Gaborik.
1:20 of 3rd period - Snap shot by Pavel Bure.
1:20 of 3rd period - Deflect By David Booth.
1:20 of 3rd period - Shot Misses the Net.
1:20 of 3rd period - Puck is out of play.
1:21 of 3rd period - Tim Connolly wins face-off versus Marc Savard in Coyotes zone.
1:41 of 3rd period - Snap shot by Marc Savard.
1:41 of 3rd period - Shot Blocked by Tim Connolly.
1:49 of 3rd period - Snap shot by Pavel Bure.
1:49 of 3rd period - Shot Blocked by Kurt Sauer.
1:59 of 3rd period - Snap shot by Marian Gaborik.
1:59 of 3rd period - Stopped by Miika Kiprusoff with a rebound.
2:01 of 3rd period - Snap shot by Brenden Morrow.
2:01 of 3rd period - Shot Misses the Net.
2:13 of 3rd period - Snap shot by Marian Gaborik.
2:13 of 3rd period - Stopped by Miika Kiprusoff with a rebound.
2:33 of 3rd period - Snap shot by Marc Savard.
2:33 of 3rd period - Stopped by Ryan Miller with a rebound.
3:35 of 3rd period - Snap shot by Brenden Morrow.
3:35 of 3rd period - Stopped by Miika Kiprusoff with a rebound.
3:41 of 3rd period - Snap shot by Tim Connolly.
3:41 of 3rd period - Goal by Tim Connolly - Blue Jackets : 1 - Coyotes : 2.
3:42 of 3rd period - Jan Bulis wins face-off versus Frans Nielsen in neutral zone.
3:59 of 3rd period - Off-side.
4:00 of 3rd period - Chris Kelly wins face-off versus Maxim Lapierre in neutral zone.
4:10 of 3rd period - Snap shot by Chris Kelly.
4:10 of 3rd period - Deflect By Bates Battaglia.
4:10 of 3rd period - Stopped by Ryan Miller with a rebound.
4:12 of 3rd period - Slapshot by Chris Kelly.
4:12 of 3rd period - Stopped by Ryan Miller with a rebound.
4:14 of 3rd period - Slapshot by Wade Redden.
4:14 of 3rd period - Shot Blocked by Chad Larose.
4:26 of 3rd period - Kevin Bieksa is hit by Bill Guerin and loses puck.
4:35 of 3rd period - Snap shot by Frans Nielsen.
4:35 of 3rd period - Shot Blocked by Kevin Bieksa.
4:37 of 3rd period - Slapshot by Lukas Krajicek.
4:37 of 3rd period - Shot Misses the Net.
5:20 of 3rd period - Snap shot by Drew Miller.
5:20 of 3rd period - Stopped by Miika Kiprusoff with a rebound.
5:22 of 3rd period - Slapshot by Jiri Fischer.
5:22 of 3rd period - Stopped by Miika Kiprusoff with a rebound.
6:30 of 3rd period - Brenden Morrow is hit by Kevin Bieksa and loses puck.
6:45 of 3rd period - Jason Ward is hit by Chad Larose and loses puck.
9:55 of 3rd period - Kurt Sauer is hit by A.J Thelen and loses puck.
11:00 of 3rd period - Bill Guerin is hit by Jason Ward and loses puck.
11:05 of 3rd period - Wrist shot by Dave Steckel.
11:05 of 3rd period - Shot Misses the Net.
11:07 of 3rd period - Snap shot by Dave Steckel.
11:07 of 3rd period - Stopped by Ryan Miller with a rebound.
11:09 of 3rd period - Snap shot by Jason Ward.
11:09 of 3rd period - Shot Misses the Net.
11:11 of 3rd period - Snap shot by Tomas Kurka.
11:11 of 3rd period - Shot Misses the Net.
12:59 of 3rd period - Minor Penalty to Bates Battaglia for Charging.
13:00 of 3rd period - Marc Savard wins face-off versus Tim Connolly in Blue Jackets zone.
14:15 of 3rd period - Kurt Sauer is hit by David Booth and loses puck.
14:59 of 3rd period - Penalty to Bates Battaglia is over, Bates Battaglia is back on ice.
16:15 of 3rd period - Snap shot by Sergei Samsonov.
16:15 of 3rd period - Shot Misses the Net.
16:21 of 3rd period - Slapshot by Frans Nielsen.
16:21 of 3rd period - Stopped by Miika Kiprusoff with a rebound.
16:23 of 3rd period - Snap shot by Jiri Fischer.
16:23 of 3rd period - Deflect By Frans Nielsen.
16:23 of 3rd period - Shot Blocked by Derek Morris.
16:23 of 3rd period - Puck is out of play.
16:24 of 3rd period - Marian Gaborik wins face-off versus Marc Savard in Blue Jackets zone.
16:31 of 3rd period - Slapshot by Kevin Bieksa.
16:31 of 3rd period - Shot Blocked by Brenden Morrow.
16:33 of 3rd period - Snap shot by Marc Savard.
16:33 of 3rd period - Goal by Marc Savard - Blue Jackets : 2 - Coyotes : 2.
16:34 of 3rd period - Chris Kelly wins face-off versus Tim Connolly in neutral zone.
18:33 of 3rd period - Jiri Fischer is hit by Blake Wheeler and loses puck.
19:44 of 3rd period - Wade Redden is hit by Marian Gaborik and loses puck.
19:51 of 3rd period - Slapshot by Kevin Bieksa.
19:51 of 3rd period - Stopped by Ryan Miller with a rebound.
Goals for this period are 1 for Blue Jackets vs 1 for Coyotes.
Shots for this period are 6 for Blue Jackets vs 7 for Coyotes.
Overtime #1
0:01 of 1st overtime period - Marian Gaborik wins face-off versus Marc Savard in neutral zone.
0:05 of 1st overtime period - Snap shot by Marian Gaborik.
0:05 of 1st overtime period - Shot Blocked by Kevin Bieksa.
0:11 of 1st overtime period - Snap shot by Marian Gaborik.
0:11 of 1st overtime period - Deflect By Brenden Morrow.
0:11 of 1st overtime period - Shot Blocked by Marc Savard.
0:11 of 1st overtime period - Puck is out of play.
0:12 of 1st overtime period - Marc Savard wins face-off versus Marian Gaborik in Blue Jackets zone.
0:27 of 1st overtime period - Slapshot by Marian Gaborik.
0:27 of 1st overtime period - Deflect By Pavel Bure.
0:27 of 1st overtime period - Shot Blocked by Wade Redden.
0:27 of 1st overtime period - Puck is out of play.
0:28 of 1st overtime period - Marc Savard wins face-off versus Marian Gaborik in Blue Jackets zone.
0:37 of 1st overtime period - Wrist shot by Marian Gaborik.
0:37 of 1st overtime period - Stopped by Miika Kiprusoff with a rebound.
0:55 of 1st overtime period - Wade Redden is hit by Tom Poti and loses puck.
1:16 of 1st overtime period - Snap shot by Tim Connolly.
1:16 of 1st overtime period - Stopped by Miika Kiprusoff with a rebound.
1:44 of 1st overtime period - Wrist shot by Chris Kelly.
1:44 of 1st overtime period - Shot Misses the Net.
1:49 of 1st overtime period - Off-side.
1:50 of 1st overtime period - Marian Gaborik wins face-off versus Chris Kelly in neutral zone.
2:11 of 1st overtime period - Tim Connolly is hit by Pavel Bure and loses puck.
2:36 of 1st overtime period - Wrist shot by Chris Kelly.
2:36 of 1st overtime period - Shot Blocked by Marian Gaborik.
3:19 of 1st overtime period - Icing by Pavel Bure.
3:20 of 1st overtime period - Sergei Samsonov wins face-off versus Marc Savard in Blue Jackets zone.
3:23 of 1st overtime period - Backhand shot by Chad Larose.
3:23 of 1st overtime period - Deflect By Derek Morris.
3:23 of 1st overtime period - Shot Misses the Net.
3:23 of 1st overtime period - Puck is out of play.
3:24 of 1st overtime period - Marian Gaborik wins face-off versus Marc Savard in Blue Jackets zone.
3:25 of 1st overtime period - Snap shot by Brenden Morrow.
3:25 of 1st overtime period - Shot Blocked by Pavel Bure.
3:27 of 1st overtime period - Snap shot by Brenden Morrow.
3:27 of 1st overtime period - Stopped by Miika Kiprusoff without a rebound.
3:28 of 1st overtime period - Marc Savard wins face-off versus Marian Gaborik in Blue Jackets zone.
4:27 of 1st overtime period - Snap shot by Jan Bulis.
4:27 of 1st overtime period - Shot Blocked by Kurt Sauer.
4:29 of 1st overtime period - Snap shot by David Booth.
4:29 of 1st overtime period - Goal by David Booth - Blue Jackets : 3 - Coyotes : 2.
Goals for this period are 1 for Blue Jackets vs 0 for Coyotes.
Shots for this period are 1 for Blue Jackets vs 3 for Coyotes.
Output by the SimonT Hockey Simulator (STHS) for François Prévost -- Original Page W3C XHTML 1.0 Valid